 Dungeon Crawl Stone Soup version 0.28-a0-769-g550dbda0cd (webtiles) character file.

Game seed: 5870407266547128295

409 Woods the Magician (level 7, -8/45 HPs)
             Began as a Djinni Fire Elementalist on Nov 1, 2021.
             Mangled by an ogre (24 damage)
             ... on level 4 of the Dungeon.
             The game lasted 00:07:42 (6733 turns).

Woods the Magician (Djinni Fire Elementalist)       Turns: 6733, Time: 00:07:43

Health: -8/45      AC:  2    Str:  7    XL:     7   Next: 13%
Gold:   222        EV: 12    Int: 18    God:
                   SH:  0    Dex: 14

rFire   + + .      SeeInvis .   (no weapon)
rCold   x . .      Faith    .   (no shield)
rNeg    + . .      Spirit   .   a - +0 robe
rPois   ∞          Reflect  .   (no helmet)
rElec   .          Harm     .   (no cloak)
rCorr   .          Rampage  .   (no gloves)
Will    .....                   (boots unavailable)
Stlth   ++........              (no amulet)
HPRegen 0.15/turn               d - ring of positive energy
MPRegen 0.00/turn               (no ring)

@: flying
A: sickness immunity, fire resistance 2, cold vulnerability 1, float, innate
caster, hp casting, extra vitality 1
a: no special abilities


You were on level 4 of the Dungeon.
You visited 1 branch of the dungeon, and saw 4 of its levels.

You collected 222 gold pieces.

Inventory:

Armour
 a - a +0 robe (worn)
Jewellery
 b - a ring of protection from fire
 d - a ring of positive energy (left hand)
Scrolls
 g - a scroll of magic mapping {unknown}
 i - 2 scrolls of identify {unknown}
 k - a scroll of blinking {unknown}
Potions
 c - a potion of lignification {unknown}
 e - a potion of resistance {unknown}
 f - a potion of attraction {unknown}
 h - a potion of curing {unknown}
 j - a potion of flight {unknown}


   Skills:
 - Level 2.2 Dodging
 - Level 1.6 Stealth
 + Level 5.7 Spellcasting


You couldn't memorise any spells.
You knew the following spells:

 Your Spells              Type           Power      Damage    Failure   Level
a - Foxfire               Conj/Fire      100%       2x1d9     1%          1
b - Scorch                Fire           52%        2d8       1%          2
c - Conjure Flame         Conj/Fire      26%        6-21      3%          3
d - Inner Flame           Hex/Fire       26%        N/A       3%          3
e - Flame Wave            Conj/Fire      26%        3d6       12%         4
f - Sting                 Tmut/Pois      100%       1d8       1%          1
g - Wereblood             Tmut           26%        N/A       1%          2
h - Spider Form           Tmut/Pois      13%        N/A       3%          3
Your spell library was empty.

Dungeon Overview and Level Annotations

Branches:
Dungeon (4/15)
 Temple: D:4-7

Altars:
Dithmenos


Innate Abilities, Weirdness & Mutations

You are immune to sickness and miasma.
You are immune to poison.
Your flesh is very heat resistant. (rF++)
You are vulnerable to cold. (rC-)
You float through the air rather than walking.
You learn spells naturally, not from books.
Your magical power is your life essence.
You have superior vitality. (+4 HP)


Message History

Items here: )) [ †.
Key pressed, stopping explore.
You now have 222 gold pieces (gained 9).
k - a scroll labelled URIMPEIXTOL
There is a stone staircase leading down here.
Things that are here:
a +0 dagger; a +0 robe; an orc corpse
There is an open door here.
You see here a +0 robe.
You reach down and open the door.
There is an open door here.
An ogre comes into view. It is wielding a +0 giant club.
An ogre is nearby!
The ogre shouts!
Casting: Scorch (safe; 1% risk of failure)
Confirm with . or Enter, or press ? or * to list all spells.
Okay, then.
Casting: Scorch (safe; 1% risk of failure)
Confirm with . or Enter, or press ? or * to list all spells.
Flames lash the ogre.
The ogre is moderately wounded.
The ogre's fire resistance burns away.
You hear an angry hiss.
The ogre barely misses you.
An adder comes into view.
Casting: Scorch (safe; 1% risk of failure)
Confirm with . or Enter, or press ? or * to list all spells.
Flames lash the ogre.
The ogre is burned terribly!
The ogre is heavily wounded.
The ogre hits you with a +0 giant club!!
Ouch! That really hurt!
Unknown command.
There is an open door here.
Casting: Scorch (safe; 1% risk of failure)
Confirm with . or Enter, or press ? or * to list all spells.
Flames lash the ogre.
The ogre is burned terribly!
The ogre is almost dead.
The ogre hits you with a +0 giant club!!
Ouch! That really hurt!
You die...

....#.##...#.#.....####'###
#.###
#..........#.####.....#.#####.#
.###.###.#########.##.#..(....#
.#...).............#.)#########
.........###########)## ######
################ #.# #.....
.........#####'#######.....
#.......##................
#....S..O@[..........####.
+........#........... #.
#........#........... #.
#........#........... #.
#........#........... #.
#........#........... #.
#........#........... #.
########.#........... #.
.#........... #.


You could see an ogre (combustible) and an adder.

Vanquished Creatures
  A hound (D:4)
  2 orc priests (D:4)
  An iguana (D:4)
  3 orc wizards
  3 hound skeletons
  6 adders
  A white imp (D:3)
  3 worms
  2 dart slugs
  14 orcs
  6 endoplasms
  3 giant cockroaches
  9 goblins
  10 hobgoblins
  5 jackals
  2 quokkas
  9 ball pythons
  2 bats
  6 frilled lizards
  10 kobolds
  2 rats
100 creatures vanquished.

Vanquished Creatures (others)
  138 foxfires
138 creatures vanquished.

Grand Total: 238 creatures vanquished

Notes
Turn   | Place    | Note
-------+----------+-------------------------------------------
     0 | D:1      | Woods the Djinni Fire Elementalist began the quest for the
                  | Orb.
     0 | D:1      | Reached XP level 1. HP: 15/15 MP: 0/0
   210 | D:1      | Found a faded altar of an unknown god.
   274 | D:1      | Reached XP level 2. HP: 16/21 MP: 0/0
  1093 | D:1      | Reached skill level 3 in Spellcasting
  1168 | D:1      | Reached XP level 3. HP: 10/25 MP: 0/0
  1168 | D:1      | Learned a level 1 spell: Sting
  2323 | D:2      | Reached XP level 4. HP: 27/31 MP: 0/0
  3140 | D:2      | Reached skill level 4 in Spellcasting
  3446 | D:3      | Reached XP level 5. HP: 12/35 MP: 0/0
  3446 | D:3      | Learned a level 2 spell: Wereblood
  3966 | D:3      | Found a shadowy altar of Dithmenos.
  4992 | D:3      | Reached XP level 6. HP: 9/40 MP: 0/0
  5852 | D:4      | Reached skill level 5 in Spellcasting
  6542 | D:4      | Reached XP level 7. HP: 41/45 MP: 0/0
  6542 | D:4      | Learned a level 3 spell: Spider Form
  6733 | D:4      | Mangled by an ogre

Illustrated notes

Levels and vault maps discovered:
D:1:      minmay_arrival_cross, layout_loops_corners,
          shapermc_ecumenical_altar_acropolis
D:2:      layout_loops_cross, guppyfry_early_orc_mine
D:3:      layout_loops_ring, lemuel_round_altar, minmay_increasing_density
D:4:      layout_basic, uniq_robin

Skill      XL: |  1  2  3  4  5  6 |
---------------+-------------------+-----
Spellcasting   | 3 4 5 |  5.7
Dodging        | |  2.2
Stealth        | |  1.6

Action                   |  1- 3 |  4- 6 |  7- 9 || total
-------------------------+-------+-------+-------++-------
Melee: Unarmed           |     4 |     2 |       ||     6
 Cast: Foxfire           |    61 |    26 |       ||    87
       Scorch            |     6 |    85 |     8 ||    99
       Conjure Flame     |       |    12 |       ||    12
       Flame Wave        |       |     2 |       ||     2
Armor: Robe              |     1 |     2 |       ||     3
Dodge: Dodged            |    10 |    13 |     1 ||    24

Table legend: (Time is in decaauts)
 A = Elapsed time spent in this place.
 B = Non-inter-level travel time spent in this place.
 C = Inter-level travel time spent in this place.
 D = Time resting spent in this place.
 E = Time spent auto-exploring this place.
 F = Levels seen in this place.
 G = Mean time per level.
                   A        B        C        D        E       F      G
               +--------+--------+--------+--------+--------+-----+--------+
         Total |   6733 |   6617 |    116 |   1780 |   4092 |   4 | 1683.2 |
       Dungeon |   6733 |   6617 |    116 |   1780 |   4092 |   4 | 1683.2 |
               +--------+--------+--------+--------+--------+-----+--------+

Top non-repeatable levels by time:
     D:3: 2061 daAuts
     D:2: 1864 daAuts
     D:1: 1740 daAuts
     D:4: 1067 daAuts
